 Dungeon Crawl Stone Soup version 0.23.1 (webtiles) character file.

Game seed: 4041723964290225503

30405 Manul the Fighter (level 13, -6/109 HPs)
             Began as a Demonspawn Assassin on Feb 17, 2019.
             Was an Initiate of Gozag.
             Mangled by a vault guard
             ... wielding a +0 long sword of electrocution
              (20 damage)
             ... on level 13 of the Dungeon on Mar 9, 2019.
             The game lasted 00:35:18 (20162 turns).

Manul the Fighter (Demonspawn Assassin)            Turns: 20162, Time: 00:35:20

Health: -6/109     AC: 11    Str: 21    XL:     13   Next: 20%
Magic:  16/16      EV: 21    Int: 13    God:    Gozag
Gold:   2773       SH:  0    Dex: 24    Spells: 12/12 levels left

rFire    . . .     SeeInvis +   t - +10 mace of the Elven Halls {drain, Str+7 Dex+4}
rCold    . . .     Gourm    .   (no shield)
rNeg     . . .     Faith    .   v - +5 robe of Night {Dark MR+ SInv}
rPois    +         Spirit   .   (helmet unavailable)
rElec    .         Reflect  .   J - +0 cloak {+Inv}
rCorr    .         Harm     .   (no gloves)
MR       +....                  w - +0 pair of boots
Stlth    ++++++....             (no amulet)
HPRegen  0.28/turn              e - +4 ring of slaying
MPRegen  0.15/turn              O - +3 ring of dexterity

@: no status effects
A: horns 3, rugged brown scales 1, demonic guardian 1, nightstalker 1, poison
resistance
a: Potion Petition, Call Merchant, Bribe Branch, Renounce Religion, Evoke
Invisibility


You were on level 13 of the Dungeon.
You worshipped Gozag.
Gozag was most pleased with you.
You were not hungry.

You visited 2 branches of the dungeon, and saw 15 of its levels.
You also visited: Ossuary and Bailey.

You collected 5467 gold pieces.
You spent 1277 gold pieces at shops.
You paid 1417 gold pieces to Gozag.

Inventory:

Hand Weapons
 b - a +0 blowgun
 g - a +2 demon blade of flaming
 j - a +2 great sword of slicing
 t - the +10 mace of the Elven Halls (weapon) {drain, Str+7 Dex+4}
   (You found it on level 4 of the Dungeon)

   A truly terrible weapon, it drains the life of those it strikes.
   It affects your strength (+7).
   It affects your dexterity (+4).
Missiles
 f - 16 curare-tipped needles
Armour
 v - the +5 robe of Night (worn) {Dark MR+ SInv}
   (You found it in a bailey)

   It affects your resistance to hostile enchantments.
   It lets you see invisible.
 w - a +0 pair of boots (worn)
 J - a +0 cloak of invisibility (worn)
Jewellery
 e - a +4 ring of slaying (left hand)
 z - a +4 ring of intelligence
 N - an uncursed ring of positive energy
 O - a +3 ring of dexterity (right hand)
 R - an uncursed ring of stealth
Wands
 c - a wand of scattershot (2)
 p - a wand of polymorph (5)
 y - a wand of acid (5)
 K - a wand of iceblast (34)
Scrolls
 d - a scroll of vulnerability {unknown}
 h - 8 scrolls of teleportation
 i - a scroll of fear {unknown}
 k - 9 scrolls of remove curse
 l - 13 scrolls of identify
 o - 4 scrolls of amnesia
 s - 4 scrolls of noise
 x - 3 scrolls of fog
 D - a scroll of enchant armour
 F - a scroll of acquirement
 I - 2 scrolls of enchant weapon
Potions
 a - a potion of cancellation
 m - a potion of invisibility
 q - 2 potions of brilliance
 u - 2 potions of flight
 B - 5 potions of curing
 C - 3 potions of haste
 E - a potion of resistance
 H - a potion of agility
 M - a potion of magic
Comestibles
 r - 19 rations


   Skills:
 + Level 11.5 Fighting
   Level 2.7 Short Blades
 - Level 9.4 Maces & Flails
 - Level 2.0 Throwing
 - Level 8.3 Armour
 + Level 9.4 Dodging
 + Level 9.4 Stealth
 + Level 0.5 Unarmed Combat
 - Level 4.4 Evocations


You had 12 spell levels left.
You didn't know any spells.
Your spell library contained the following spells:

 Spells                   Type           Power        Failure   Level  Hunger
 Magic Dart               Conj           #...         30%         1    ##.....
 Blink                    Tloc           N/A          43%         2    ###....
 Call Imp                 Summ           #.......     43%         2    ###....
 Slow                     Hex            #.......     43%         2    ###....
 Conjure Flame            Conj/Fire      #.......     67%         3    ####...
 Mephitic Cloud           Conj/Pois/Air  #.......     67%         3    ####...
 Leda's Liquefaction      Hex/Erth       #.........   97%         4    #####..
 Bolt of Magma            Conj/Fire/Erth #.........   100%        5    ######.
 Iron Shot                Conj/Erth      #.........   100%        6    #######
 Statue Form              Tmut/Erth      #........    100%        6    #######
 Shatter                  Erth           #.........   100%        9    #######


Dungeon Overview and Level Annotations

Branches:
Dungeon (13/15)            Temple (0/1) D:4            Lair (0/6) D:10
    Orc (2/2) D:9             Elf (0/3) Orc:2        Vaults (0/5) D:13

Altars:
Dithmenos
Elyvilon
Gozag
Nemelex Xobeh
Okawaru
Qazlal
Ru
Trog
Uskayaw
Wu Jian
Xom
Yredelemnul
The Shining One
Beogh

Shops:
D:6 !   D:7 (   D:8 (?[   D:12 =   Orc:1 !   Orc:2 ([(%=(

Annotations:
D:1 Natasha
D:5 1 runed translucent door, PeterQ's ghost, novice GnMo


Innate Abilities, Weirdness & Mutations

You have a pair of large horns on your head.
You are partially covered in rugged brown scales. (AC +1, +3% HP)
A weak demonic guardian rushes to your aid.
You are slightly more attuned to the shadows.
Your system is resistant to poisons. (rPois)


Message History

The black bear becomes distracted by the nearby gold, dreaming of imaginary riches.
The gnoll sergeant hits your iron imp with a +0 spear.
Your iron imp hits the gnoll sergeant but does no damage.
A centaur warrior comes into view.
You hear an angry growl.
The centaur warrior wields a +0 shortbow.
The centaur warrior shoots an arrow.
The arrow hits you!!
* * * LOW HITPOINT WARNING * * *
Your iron imp hits the vault guard but does no damage.
You see here an arrow.
Okay, then.
You fail to use your ability.
The vault guard is no longer distracted by gold.
The centaur warrior shoots an arrow.
The arrow hits you!
* * * LOW HITPOINT WARNING * * *
The vault guard hits you with a +0 long sword of electrocution!
* * * LOW HITPOINT WARNING * * *
You are electrocuted!!
You die...
Your body crumbles into a pile of gold.

#...........# . ...
#...........# ...
#...........#
....#...........#
....#....c......#
.....'$..$.......#
......#...........#
.......#...........#
....^.....@........#
.........p.....##..#
#.....$.##....##..#
#.....####..###..#
##.p.## ##.# #..#
##5## .# #..#
#hgp..# ...#
#Z#aY.#Y# # .T... #


You could see 2 vault guards, a centaur warrior and a friendly iron imp.

Vanquished Creatures
  A fire giant (D:12)
  An orc warlord (Orc:1)
  2 hydras
  Erica (D:11)
  The ghost of cada the Carver, a journeyman OpFi of Okawaru (D:8)
  2 centaur warriors
  A death knight (D:12)
  A two-headed ogre (D:12)
  An orc high priest (Bailey)
  An unseen horror (D:13)
  A phantasmal warrior (D:12)
  2 orc knights
  2 ugly things (D:13)
  An orc sorcerer (Bailey)
  A manticore (D:11)
  Maurice (D:11)
  Joseph (D:9)
  Psyche (D:11)
  4 trolls
  2 dream sheep (D:9)
  5 hippogriffs
  2 wyverns
  5 yaks
  Eustachio (D:5)
  A hungry ghost (D:8)
  Menkaure (D:5)
  2 wargs (Orc:2)
  2 acid dragons (D:12)
  2 porcupines (D:10)
  48 orc warriors
  2 ice beasts
  3 sky beasts
  7 ogres
  A phantom (D:8)
  2 eyes of draining
  A necrophage (D:12)
  2 black bears (D:10)
  18 centaurs
  5 big kobolds
  2 crocodiles
  Blork the orc (D:5)
  2 elf zombies (Ossuary)
  8 bullfrogs
  A water moccasin zombie (D:6)
  A scorpion (D:10)
  11 killer bees
  6 howler monkeys
  5 electric eels (Bailey)
  3 crimson imps
  2 centaur zombies
  3 hounds
  4 quasits (D:8)
  Crazy Yiuf (D:4)
  2 centaur skeletons
  6 jellies
  9 orc priests
  4 bullfrog skeletons
  5 iguanas
  17 orc wizards
  13 worker ants
  2 big kobold zombies (Ossuary)
  3 hound zombies
  3 mummies (Ossuary)
  2 worker ant zombies
  9 gnolls
  17 adders
  3 shadow imps
  4 adder skeletons
  6 worms
  2 dart slugs
  2 leopard geckos
  90 orcs
  7 bats
  8 giant cockroaches
  A gnoll zombie (Ossuary)
  21 goblins
  12 hobgoblins
  19 jackals
  6 quokkas
  3 ball pythons
  4 frilled lizards
  2 goblin zombies (Ossuary)
  4 hobgoblin zombies (Ossuary)
  A jackal skeleton (D:5)
  10 jackal zombies
  27 kobolds
  3 kobold zombies (Ossuary)
  2 quokka zombies (Ossuary)
  10 rats
  7 rat zombies (Ossuary)
534 creatures vanquished.

Vanquished Creatures (collateral kills)
  A wolf spider (D:12)
  A hornet (D:12)
  A slime creature (D:10)
  3 orc warriors
  A centaur (D:8)
  A water moccasin zombie (D:11)
  An orc wizard (D:9)
  6 orcs
  2 kobolds (D:5)
17 creatures vanquished.

Vanquished Creatures (others)
  11 fungi (D:10)
  2 plants (D:10)
13 creatures vanquished.

Grand Total: 564 creatures vanquished

Notes
Turn   | Place    | Note
-------+----------+-------------------------------------------
     0 | D:1      | Manul the Demonspawn Assassin began the quest for the Orb.
     0 | D:1      | Reached XP level 1. HP: 16/16 MP: 1/1
   119 | D:1      | Gained mutation: You are slightly more attuned to the
                  | shadows. [demonic ancestry]
   119 | D:1      | Reached XP level 2. HP: 16/22 MP: 2/2
  1019 | D:1      | Gained mutation: You have a pair of small horns on your
                  | head. [demonic ancestry]
  1019 | D:1      | Reached XP level 3. HP: 27/27 MP: 3/3
  1168 | D:2      | Noticed Natasha
  1429 | D:2      | Found a white marble altar of Elyvilon.
  1901 | D:2      | Reached skill level 1 in Dodging
  1996 | D:3      | Gained mutation: You are partially covered in rugged brown
                  | scales. (AC +1, +3% HP) [demonic ancestry]
  1996 | D:3      | Reached XP level 4. HP: 26/33 MP: 4/4
  2210 | D:3      | Reached skill level 5 in Stealth
  2537 | D:3      | Found an opulent altar of Gozag.
  2565 | D:3      | Became a worshipper of Gozag Ym Sagoz the Greedy
  2641 | D:3      | Found an ornate altar of the Wu Jian Council.
  2650 | D:3      | Gained mutation: A weak demonic guardian rushes to your
                  | aid. [demonic ancestry]
  2650 | D:3      | Reached XP level 5. HP: 37/40 MP: 5/5
  2799 | D:4      | Got a steaming mace
  2800 | D:4      | Identified the +10 mace of the Elven Halls {drain, Str+7
                  | Dex+4} (You found it on level 4 of the Dungeon)
  2823 | D:4      | Found a staircase to the Ecumenical Temple.
  2835 | D:4      | Reached skill level 1 in Armour
  2966 | D:4      | Noticed an ogre
  2972 | D:4      | Killed an ogre
  2972 | D:4      | Reached skill level 1 in Maces & Flails
  2972 | D:4      | Reached XP level 6. HP: 40/47 MP: 6/6
  3082 | D:4      | Found a runed translucent door.
  3083 | D:4      | Noticed Crazy Yiuf
  3157 | D:4      | Killed Crazy Yiuf
  3244 | D:4      | Found an opulent altar of Gozag.
  3269 | D:4      | Found a basalt altar of Yredelemnul.
  3269 | D:4      | Found a sacrificial altar of Ru.
  3272 | D:4      | Found a shadowy altar of Dithmenos.
  3272 | D:4      | Found a shimmering altar of Xom.
  3272 | D:4      | Found a hide-covered altar of Uskayaw.
  3525 | D:5      | Entered Level 5 of the Dungeon
  3551 | D:5      | Reached skill level 3 in Fighting
  3639 | D:5      | Noticed Eustachio
  4183 | D:5      | Killed Eustachio
  4183 | D:5      | Gained mutation: You have a pair of horns on your head.
                  | [demonic ancestry]
  4183 | D:5      | Reached XP level 7. HP: 26/53 MP: 7/7
  4272 | D:5      | Noticed Blork the orc
  4278 | D:5      | Killed Blork the orc
  4300 | D:5      | Noticed Menkaure
  4329 | D:5      | Found a runed translucent door.
  4329 | D:5      | Noticed PeterQ's ghost (novice GnMo)
  4557 | D:5      | Killed Menkaure
  4984 | D:5      | Gained mutation: You have a pair of large horns on your
                  | head. [demonic ancestry]
  4984 | D:5      | Reached XP level 8. HP: 58/61 MP: 8/8
  5198 | D:6      | Reached skill level 5 in Maces & Flails
  5584 | D:6      | Found a glowing golden altar of the Shining One.
  5602 | D:6      | Upgraded the game from 0.23.0 to 0.23.1
  5641 | D:6      | Reached skill level 4 in Fighting
  5687 | D:6      | Found Ciagrodukk's Distillery.
  5695 | D:6      | Bought a potion of heal wounds for 55 gold pieces
  5695 | D:6      | Bought a potion of curing for 33 gold pieces
  5695 | D:6      | Bought a potion of haste for 110 gold pieces
  5695 | D:6      | Bought a potion of heal wounds for 55 gold pieces
  5855 | D:7      | Found an iron altar of Okawaru.
  5978 | D:7      | Noticed a hippogriff
  5986 | D:7      | Killed a hippogriff
  6004 | D:7      | Found a flagged portal.
  6051 | Bailey   | Entered a bailey
  6199 | Bailey   | Found an iron altar of Okawaru.
  6199 | Bailey   | Noticed an orc high priest
  6199 | Bailey   | Noticed an orc sorcerer
  6202 | Bailey   | Noticed an ice devil
  6202 | Bailey   | Noticed an ice devil
  6202 | Bailey   | Noticed an orange demon
  6206 | Bailey   | Noticed a soul eater
  6210 | Bailey   | Noticed an orange demon
  6210 | Bailey   | Noticed a smoke demon
  6211 | Bailey   | Killed an orc high priest
  6211 | Bailey   | Reached XP level 9. HP: 47/67 MP: 9/9
  6214 | Bailey   | Killed an orc sorcerer
  6214 | Bailey   | Reached skill level 5 in Armour
  7086 | Bailey   | Reached skill level 5 in Fighting
  7674 | Bailey   | Noticed an orc knight
  7686 | Bailey   | Killed an orc knight
  7686 | Bailey   | Reached XP level 10. HP: 66/76 MP: 10/10
  7755 | Bailey   | Found the +5 robe of Night {Dark MR+ SInv}
  8024 | D:7      | Found a hide-covered altar of Uskayaw.
  8217 | D:7      | Found a stormy altar of Qazlal.
  8520 | D:7      | Found Caur's Weapon Shop.
  8552 | D:8      | Reached skill level 6 in Fighting
  8741 | D:8      | Found Wylinot's Antique Weapon Boutique.
  8871 | D:8      | Found Zanad's Magic Scroll Shoppe.
  8886 | D:8      | Found a sand-covered staircase.
  8898 | Ossuary  | Entered an ossuary
  9203 | D:8      | Reached skill level 7 in Fighting
  9205 | D:8      | Reached skill level 5 in Dodging
  9465 | D:8      | Bought a scroll of identify for 28 gold pieces
  9624 | D:8      | Found a transporter.
  9634 | D:8      | Found a transporter.
  9651 | D:8      | Noticed cada's ghost (journeyman OpFi)
  9672 | D:8      | Killed cada's ghost
  9760 | D:8      | Found Kigar's Armour Boutique.
  9900 | D:8      | Noticed a moth of wrath
  9906 | D:8      | Found a bloodstained altar of Trog.
 10616 | D:9      | Reached skill level 8 in Fighting
 10669 | D:9      | Found a staircase to the Orcish Mines.
 10764 | D:9      | Reached XP level 11. HP: 62/88 MP: 11/11
 10798 | D:9      | Noticed a three-headed hydra
 10808 | D:9      | Killed a three-headed hydra
 11325 | D:9      | Noticed Joseph
 11338 | D:9      | Killed Joseph
 11552 | D:9      | Found a shadowy altar of Dithmenos.
 11552 | D:9      | Found a sparkling altar of Nemelex Xobeh.
 11605 | D:10     | Entered Level 10 of the Dungeon
 11660 | D:10     | Reached skill level 9 in Fighting
 11840 | D:10     | Reached skill level 1 in Evocations
 12004 | D:10     | Found a staircase to the Lair.
 12092 | D:10     | Gained mutation: Scrolls take you a little longer to read.
                  | [potion of mutation]
 12092 | D:10     | Gained mutation: Your spells are a little easier to cast,
                  | but a little less powerful. [potion of mutation]
 12092 | D:10     | Gained mutation: You expend magic power (3 MP) to
                  | strengthen your wands. [potion of mutation]
 12092 | D:10     | Gained mutation: You are resistant to hostile enchantments.
                  | (MR+) [potion of mutation]
 12897 | D:11     | Noticed a five-headed hydra
 12904 | D:11     | Killed a five-headed hydra
 13208 | D:11     | Noticed Psyche
 13213 | D:11     | Killed Psyche
 13278 | D:11     | Reached skill level 10 in Fighting
 13356 | D:11     | Noticed Erica
 13366 | D:11     | Killed Erica
 13664 | D:11     | Reached XP level 12. HP: 91/99 MP: 1/14
 13923 | D:11     | Noticed Maurice
 13930 | D:11     | Killed Maurice
 14049 | D:12     | Paralysed by a hornet for 2 turns
 14084 | D:12     | HP: 4/99 [poisoned by a hornet]
 14093 | D:12     | HP: 4/99 [poisoned by a hornet]
 14099 | D:12     | HP: 4/99 [poisoned by a hornet]
 14104 | D:12     | HP: 4/99 [poisoned by a hornet]
 14750 | D:12     | Noticed a centaur warrior
 14764 | D:12     | Killed a centaur warrior
 15614 | D:12     | Noticed a deep troll earth mage
 15615 | D:12     | Noticed a death knight
 15630 | D:12     | Noticed a fire giant
 15638 | D:12     | Noticed a two-headed ogre
 15645 | D:12     | Killed a fire giant
 15648 | D:12     | Killed a death knight
 16153 | D:12     | Killed a two-headed ogre
 16471 | Orc:1    | Entered Level 1 of the Orcish Mines
 16719 | Orc:1    | Found Riah's Distillery.
 16725 | Orc:1    | Bought 2 potions of curing for 60 gold pieces
 16876 | Orc:2    | Entered Level 2 of the Orcish Mines
 18059 | Orc:2    | Reached skill level 11 in Fighting
 18187 | Orc:2    | Found a roughly hewn altar of Beogh.
 18255 | Orc:2    | Found Uffyph Zega's Jewellery Shop.
 18265 | Orc:2    | Bought a +4 ring of slaying for 936 gold pieces
 18494 | Orc:2    | Found a staircase to the Elven Halls.
 18808 | Orc:2    | Noticed an orc warlord
 18963 | Orc:1    | Killed an orc warlord
 18963 | Orc:1    | Reached XP level 13. HP: 58/109 MP: 12/16
 19398 | Orc:2    | Found Meushroh's Weapon Emporium.
 19535 | Orc:2    | Found Oxisykic's Weapon Shop.
 19535 | Orc:2    | Found Vuicinku's Armour Emporium.
 19535 | Orc:2    | Found Suill's Weapon Shoppe.
 19537 | Orc:2    | Found Dutrak's Food Boutique.
 19919 | D:13     | Lost mutation: Scrolls take you a little longer to read.
                  | [potion of mutation]
 19919 | D:13     | Lost mutation: You expend magic power (3 MP) to strengthen
                  | your wands. [potion of mutation]
 19919 | D:13     | Gained mutation: Your system is resistant to poisons.
                  | (rPois) [potion of mutation]
 19919 | D:13     | Lost mutation: You are resistant to hostile enchantments.
                  | (MR+) [potion of mutation]
 19919 | D:13     | Lost mutation: Your spells are a little easier to cast, but
                  | a little less powerful. [potion of mutation]
 20147 | D:13     | Found a gate to the Vaults.
 20162 | D:13     | Mangled by a vault guard

Skill      XL: |  1  2  3  4  5  6  7  8  9 10 11 12 |
---------------+-------------------------------------+-----
Throwing       | 2 |  2.0
Stealth        | 4 5 6 9 |  9.4
Short Blades   | 2 |  2.7
Dodging        | 1 2 3 6 8 9 |  9.4
Armour         | 1 2 3 4 5 6 7 8 |  8.3
Maces & Flails | 1 2 4 7 9 |  9.4
Fighting       | 3 4 5 8 10 11 | 11.5
Evocations     | 3 4 |  4.4
Unarmed Combat | |  0.5

Action                   |  1- 3 |  4- 6 |  7- 9 | 10-12 | 13-15 || total
-------------------------+-------+-------+-------+-------+-------++-------
Melee: Dagger            |    25 |       |       |       |       ||    25
       Short sword       |   115 |   163 |       |       |       ||   278
       Headbutt          |     9 |    41 |    29 |   202 |    22 ||   303
       Mace              |       |    40 |   176 |   725 |    62 ||  1003
       Unarmed           |       |       |     9 |       |       ||     9
       Punch             |       |       |       |     2 |     2 ||     4
Invok: Potion Petition   |       |       |       |     2 |       ||     2
       Call Merchant     |       |       |       |     1 |       ||     1
Evoke: Wand              |       |       |       |     6 |       ||     6
  Use: Potion            |     2 |     3 |     6 |    11 |     1 ||    23
       Scroll            |     1 |     6 |     4 |     8 |       ||    19
 Stab: Sleeping          |    13 |     7 |     9 |    37 |     5 ||    71
       Invisible         |       |       |     5 |       |       ||     5
       Distracted        |       |       |     4 |    11 |     1 ||    16
  Eat: Ration            |     1 |     1 |     4 |    10 |     1 ||    17
       Chunk             |       |     3 |       |       |       ||     3
Armor: Robe              |    13 |       |       |   133 |     8 ||   154
       Ring mail         |    17 |    62 |    49 |       |       ||   128
Dodge: Dodged            |    60 |   102 |   102 |   658 |    51 ||   973
